cohdb
Replays
Latest Replays
All Replays
Popular Replays
Top Player Replays
Match Explorer
How It Works
Community
CoH3 Stats
Reddit
Sign in to upload your games and track your stats! →
Sign in with Steam
Match 41809857
Unlisted
Match 41809857
Overview
Messages
Build Orders
End
Panzergrenadier Squad
250 Light Carrier
Panzergrenadier Squad
Construct Light Support Kompanie
2.5-tonne Medical Truck
Assault Grenadier Squad
Fire Support Elements
Pak 38 Anti-tank Gun Team
Veteran Squad Leaders
Combat Half-tracks
Assault Mechanized Group
Pak 38 Anti-tank Gun Team
Construct Panzerarmee Kommand
Armored Reserves
Tiger Heavy Tank
Skyline
rundashroll
Tok3n x Operator
MonoChrome
0
0
Comments
sign in to comment!
No comments posted yet!